 Dungeon Crawl Stone Soup version 0.17.0 (webtiles) character file.

275 Eucla the Chopper (level 6, -13/53 HPs)
             Began as a Minotaur Gladiator on Nov 11, 2015.
             Mangled by an ogre
             ... wielding a +0 giant club
              (31 damage)
             ... on level 4 of the Dungeon.
             The game lasted 00:03:29 (2951 turns).

Eucla the Chopper (Minotaur Gladiator)              Turns: 2951, Time: 00:03:30

Health: -13/53     AC:  5    Str: 19    XL:     6   Next: 3%
Magic:  5/5        EV: 12    Int:  5    God:
Gold:   195        SH:  0    Dex: 13    Spells: 0 memorised, 5 levels left

rFire  . . .     SeeInvis .     a - +0 war axe
rCold  . . .     Clarity  .     g - +0 ring mail
rNeg   . . .     SustAt   .     (no shield)
rPois  .         Gourm    .     c - +0 hat
rElec  .         Spirit   .     (no cloak)
rCorr  .         Warding  .     (no gloves)
rMut   .         Stasis   .     (no boots)
MR     .....                    (no amulet)
Stlth  +.........               (no ring)
                                (no ring)

@: not resistant to hostile enchantments, very unstealthy
A: retaliatory headbutt, horns 2
a: no special abilities


You were on level 4 of the Dungeon.
You were not hungry.

You visited 1 branch of the dungeon, and saw 4 of its levels.

You collected 195 gold pieces.

Inventory:

Hand Weapons
 a - a +0 war axe (weapon)
Missiles
 d - 3 throwing nets (quivered)
Armour
 b - a +0 leather armour
 c - a +0 hat (worn)
 g - a +0 ring mail (worn)
Jewellery
 o - a +2 ring of strength {unknown}
 p - an uncursed ring of poison resistance {unknown}
 q - an uncursed ring of invisibility {unknown}
 y - an uncursed amulet of stasis {unknown}
Scrolls
 e - 4 scrolls of blinking {unknown}
 i - a scroll of enchant armour {unknown}
 j - a scroll of random uselessness {unknown}
 k - 7 scrolls of identify {unknown}
 n - 2 scrolls of remove curse {unknown}
 s - a scroll of amnesia {unknown}
 t - a scroll of enchant weapon {unknown}
 x - a scroll of magic mapping {unknown}
 z - a scroll of noise {unknown}
Potions
 f - a potion of lignification {unknown}
 h - 3 potions of agility
 l - 2 potions of flight {unknown}
 m - a potion of degeneration {unknown}
 r - a potion of heal wounds {unknown}
 v - a potion of magic {unknown}
 w - a potion of mutation {unknown}
Comestibles
 u - 2 meat rations


   Skills:
 + Level 4.6 Fighting
 + Level 5.2 Axes
 - Level 2.0 Throwing
 + Level 3.1 Armour
 + Level 4.3 Dodging


You had 5 spell levels left.
You didn't know any spells.

Dungeon Overview and Level Annotations

Branches:
Dungeon (4/15)
 Temple: D:4-7

Altars:
Dithmenos
Elyvilon
Gozag
Kikubaaqudgha
Makhleb
The Shining One

Annotations:
D:4 1 runed door


Innate Abilities, Weirdness & Mutations

You reflexively headbutt those who attack you in melee.
You have a pair of horns on your head.


Message History

Unknown command.
You barely miss the ogre.
The ogre is severely wounded.
The orc wizard mumbles some strange words.
The orc wizard flickers and vanishes!
Deactivating autopickup; reactivate with Ctrl-A.
The orc throws an exploding tomahawk.
The exploding tomahawk hits you but does no damage.
The exploding tomahawk explodes!
The explosion of tomahawk fragments engulfs you!
The explosion of tomahawk fragments engulfs the ogre.
The ogre barely misses you.
An orc comes into view. It is wielding a trident.
The orc shouts!
You hear a shout!
You barely miss the ogre. Your headbutt misses the ogre.
The ogre is almost dead.
The orc throws an exploding tomahawk.
The exploding tomahawk misses you.
The exploding tomahawk explodes!
The ogre hits you with a giant club!!
Ouch! That really hurt!
You die...

#..#### #.........#
#.##.##.###.........#
###.##.#...##.........#
...........##.........#
#>####............#####
..# ###.............# ..#
##.............###
..#####..##..............
........###.....@....####
..####### #....O.....#
..# #...o......# ..#
#...a......# ..#
#.....o.....# ..#
............# ..####
....o######## ......
..... ..#.# .


You could see an ogre, a worker ant and 3 orcs.

Vanquished Creatures
  A crimson imp (D:4)
  A hound (D:2)
  An orc priest (D:4)
  A giant frog skeleton (D:2)
  Terence (D:3)
  A worker ant (D:4)
  3 adders
  An ooze (D:1)
  5 giant geckos
  8 orcs
  2 ball pythons (D:1)
  7 giant cockroaches
  2 goblins
  5 hobgoblins
  3 jackals
  6 bats
  3 giant newts
  5 kobolds
  4 quokkas
  4 rats
64 creatures vanquished.

Notes
Turn   | Place    | Note
--------------------------------------------------------------
     0 | D:1      | Eucla the Minotaur Gladiator began the quest for the Orb.
     0 | D:1      | Reached XP level 1. HP: 18/18 MP: 0/0
   122 | D:1      | Reached XP level 2. HP: 25/25 MP: 1/1
   138 | D:1      | Reached skill level 1 in Armour
   858 | D:1      | Reached skill level 4 in Axes
   858 | D:1      | Reached XP level 3. HP: 31/31 MP: 2/2
  1207 | D:2      | Found a shadowy altar of Dithmenos.
  1297 | D:2      | Found an opulent altar of Gozag.
  1580 | D:2      | Found an ancient bone altar of Kikubaaqudgha.
  1635 | D:2      | Found a burning altar of Makhleb.
  1646 | D:2      | Reached XP level 4. HP: 9/40 MP: 3/3
  2366 | D:3      | Noticed Terence
  2374 | D:3      | Killed Terence
  2374 | D:3      | Reached XP level 5. HP: 40/46 MP: 4/4
  2637 | D:4      | Reached skill level 5 in Axes
  2738 | D:4      | Found a white marble altar of Elyvilon.
  2738 | D:4      | Noticed an angel
  2739 | D:4      | Found a runed door.
  2741 | D:4      | Reached XP level 6. HP: 36/53 MP: 5/5
  2881 | D:4      | Found a glowing golden altar of the Shining One.
  2881 | D:4      | Found a burning altar of Makhleb.
  2944 | D:4      | Noticed an ogre
  2951 | D:4      | Mangled by an ogre

Action                   |  1- 3 |  4- 6 || total
-------------------------+-------+-------++-------
Melee: War axe           |    59 |    78 ||   137
  Use: Potion            |     1 |       ||     1
  Eat: Chunk             |     2 |       ||     2
       Bread ration      |       |     1 ||     1
